 Dungeon Crawl Stone Soup version 0.25-a0-443-gece2dee8bd (webtiles) character file.

Game seed: 8080882432662726914, levelgen mode: deterministic

10652 Lemmiwinks the Severer (level 11, -1/104 HPs)
             Began as a Hill Orc Monk on Jan 30, 2020.
             Was a High Priest of Beogh.
             Slain by a manticore (16 damage)
             ... on level 1 of the Lair of Beasts.
             The game lasted 00:46:03 (15730 turns).

Lemmiwinks the Severer (Hill Orc Monk)             Turns: 15730, Time: 00:46:04

Health: -1/104     AC: 15    Str: 18    XL:     11   Next: 65%
Magic:  18/18      EV:  6    Int: 10    God:    Beogh [*****.]
Gold:   760        SH:  5    Dex: 13    Spells: 10/10 levels left

rFire    + . .     SeeInvis .   E - +0 war axe
rCold    . . .     Gourm    .   M - +0 buckler
rNeg     . . .     Faith    .   z - +0 plate armour
rPois    +         Spirit   .   u - +2 hat
rElec    .         Reflect  .   D - scarf {repulsion}
rCorr    .         Harm     .   (no gloves)
MR       .....                  g - +2 pair of boots
Stlth    ..........             (no amulet)
HPRegen  0.27/turn              K - ring of protection from fire
MPRegen  0.16/turn              t - ring of poison resistance

@: repel missiles
A: walk on water
a: Smiting, Recall Orcish Followers, Give Item to Named Follower, Renounce
Religion


You were on level 1 of the Lair of Beasts.
You worshipped Beogh.
Beogh was extremely pleased with you.
You were not hungry.

You visited 3 branches of the dungeon, and saw 14 of its levels.

You collected 760 gold pieces.

Inventory:

Hand Weapons
 a - a +1 hand axe of freezing
 b - a +1 hunting sling of freezing
 E - a +0 war axe (weapon)
 T - a +0 halberd
Missiles
 d - 288 stones (quivered)
 n - 190 arrows
 o - 201 bolts
 q - 5 poisoned darts
 s - 65 sling bullets
 F - a throwing net
Armour
 g - a +2 pair of boots (worn)
 u - a +2 hat (worn)
 z - a +0 plate armour (worn)
 D - a scarf of repulsion (worn)
 M - a +0 buckler (worn)
Jewellery
 t - a ring of poison resistance (right hand)
 y - an uncursed ring of magical power
 A - an uncursed ring of wizardry
 K - a ring of protection from fire (left hand)
 S - an uncursed ring of protection from magic {unknown}
 U - a cursed amulet of inaccuracy {unknown}
 W - an uncursed ring of ice {unknown}
Wands
 v - a wand of disintegration (21)
 G - a wand of clouds (2)
 H - a wand of random effects (41)
 I - a wand of paralysis (3)
 V - a wand of acid (2)
 Y - a wand of polymorph (7)
Scrolls
 e - 4 scrolls of amnesia
 f - 7 scrolls of remove curse
 i - 2 scrolls of enchant weapon {unknown}
 k - 3 scrolls of fear
 l - a scroll of immolation {unknown}
 m - a scroll of fog {unknown}
 p - 9 scrolls of teleportation
 r - 3 scrolls of blinking
 x - a scroll of enchant armour {unknown}
 N - a scroll of silence {unknown}
 O - a scroll of random uselessness {unknown}
 P - 4 scrolls of identify
 Q - 2 scrolls of magic mapping {unknown}
Potions
 h - a potion of mutation {unknown}
 j - 2 potions of agility
 w - 2 potions of curing {unknown}
 B - a potion of flight
 C - 3 potions of lignification {unknown}
 J - 2 potions of degeneration {unknown}
 L - a potion of invisibility
 R - 2 potions of brilliance {unknown}
 X - a potion of resistance {unknown}
Comestibles
 c - 23 rations


   Skills:
 + Level 11.8 Fighting
 - Level 16.0 Axes
 - Level 2.4 Dodging
 - Level 1.5 Stealth
 - Level 4.0 Shields
 + Level 9.8 Invocations


You had 10 spell levels left.
You didn't know any spells.
Your spell library contained the following spells:

 Spells                   Type           Power        Failure   Level  Hunger
 Foxfire                  Conj/Fire      #...         100%        1    ##.....
 Conjure Flame            Conj/Fire      #.......     100%        3    ####...
 Inner Flame              Hex/Fire       #.......     100%        3    ####...
 Sticky Flame             Conj/Fire      #.......     100%        4    #####..
 Fireball                 Conj/Fire      #.........   100%        5    ######.


Dungeon Overview and Level Annotations

Branches:
Dungeon (12/15)            Temple (1/1) D:6            Lair (1/6) D:8
    Orc (0/2) D:11

Altars:
Dithmenos
Elyvilon
Kikubaaqudgha
Makhleb
Okawaru
Trog
Vehumet
Wu Jian
Xom
The Shining One

Shops:
D:6 ?   D:8 %%

Annotations:
D:3 1 runed translucent door, Crazy Yiuf
D:10 1 exclusion


Message History

Aim: a komodo dragon (moderately wounded, chance to defeat MR: 28%)
The komodo dragon evaporates and reforms as a manticore!
The manticore barely misses you. The manticore claws you.
* * * LOW HITPOINT WARNING * * *
The manticore claws you but does no damage.
Borgun closely misses the manticore.
Unknown command.
You slash the manticore!
The manticore is heavily wounded.
You hit the manticore but do no damage.
The manticore is heavily wounded.
The manticore barely misses you. The manticore claws you.
* * * LOW HITPOINT WARNING * * *
The manticore barely misses you.
Borgun hits the manticore but does no damage.
Unknown command.
You hit the manticore.
The manticore is heavily wounded.
The manticore bites you!
You die...

.......# ...#####
##. ..## ###.. ...##
#....# ....#
##....### ...##
#.......## ...#
#......(.### ...#
#..........## ...#
##......oH@..# .).#
#.......†....# ...##
#............#
....###............#
..................##
...................#
....###.[.........##
..### #..........##
..# #..........#


You could see a manticore and the friendly Borgun the orc knight.

Vanquished Creatures
  Josephine (D:11)
  2 two-headed ogres
  A gargoyle (D:6)
  A spiny frog (Lair:1)
  Psyche (D:10)
  2 trolls
  4 hippogriffs
  A spriggan (D:8)
  A wraith (D:11)
  2 hungry ghosts
  2 wargs
  A water moccasin (D:11)
  A porcupine (Lair:1)
  3 sky beasts
  3 orc warriors
  4 ice beasts
  4 ogres
  A necrophage (D:5)
  3 centaurs
  A big kobold (D:8)
  3 bullfrogs
  8 scorpions
  3 killer bees (D:7)
  A howler monkey (D:4)
  4 crimson imps
  2 bullfrog zombies
  2 centaur zombies
  A hound (D:5)
  2 jellies
  2 gnoll shamans
  7 orc priests
  A bullfrog skeleton (D:5)
  A centaur skeleton (D:10)
  5 orc wizards
  An iguana (D:9)
  6 worker ants
  A killer bee zombie (D:5)
  2 hound zombies
  A hound skeleton (D:5)
  2 worker ant zombies
  19 gnolls
  8 adders
  A shadow imp (D:7)
  2 oozes (D:1)
  An adder zombie (D:7)
  3 worms
  A dart slug (D:2)
  5 leopard geckos
  28 orcs
  A ball python (D:5)
  5 giant cockroaches
  9 goblins
  7 hobgoblins
  11 jackals
  7 quokkas
  2 bats
  6 frilled lizards
  17 kobolds
  2 quokka zombies
  5 rats
234 creatures vanquished.

Vanquished Creatures (collateral kills)
  Erolcha (D:10)
  An unseen horror (D:10)
  A hippogriff (D:8)
  5 wraiths
  2 orc warriors
  3 bullfrogs (D:9)
  An electric eel (D:10)
  4 crimson imps
  A bullfrog skeleton (D:10)
  2 orc priests
  A jelly (D:10)
  3 orc wizards
  A hound (D:9)
  An iguana (D:9)
  A hound skeleton (D:11)
  A howler monkey zombie (D:9)
  An adder (D:9)
  An adder skeleton (D:9)
  9 orcs
40 creatures vanquished.

Vanquished Creatures (others)
  An orc knight (D:10)
  An orc warrior (D:9)
  An orc priest (D:11)
  18 orcs
  3 orc wizards
24 creatures vanquished.

Grand Total: 298 creatures vanquished

Notes
Turn   | Place    | Note
-------+----------+-------------------------------------------
     0 | D:1      | Lemmiwinks the Hill Orc Monk began the quest for the Orb.
     0 | D:1      | Reached XP level 1. HP: 19/19 MP: 1/1
    88 | D:1      | Reached XP level 2. HP: 20/27 MP: 2/2
   763 | D:1      | Reached skill level 5 in Axes
   934 | D:1      | Reached XP level 3. HP: 33/33 MP: 3/3
  1850 | D:2      | Reached XP level 4. HP: 41/41 MP: 4/4
  2562 | D:3      | Reached skill level 6 in Axes
  3465 | D:3      | Found a runed translucent door.
  3466 | D:3      | Noticed Crazy Yiuf
  3692 | D:3      | Found an ancient bone altar of Kikubaaqudgha.
  3879 | D:4      | Noticed an ogre
  4003 | D:4      | Killed an ogre
  4003 | D:4      | Reached skill level 5 in Fighting
  4003 | D:4      | Reached skill level 7 in Axes
  4003 | D:4      | Reached XP level 5. HP: 39/48 MP: 5/5
  4079 | D:4      | Noticed a hippogriff
  4221 | D:4      | Killed a hippogriff
  4221 | D:4      | Reached skill level 8 in Axes
  4221 | D:4      | Reached XP level 6. HP: 37/57 MP: 6/6
  4703 | D:5      | Entered Level 5 of the Dungeon
  4737 | D:5      | Reached XP level 7. HP: 57/63 MP: 7/7
  4852 | D:5      | Reached skill level 9 in Axes
  5277 | D:5      | Reached skill level 10 in Axes
  5285 | D:5      | Found a burning altar of Makhleb.
  5289 | D:5      | Reached XP level 8. HP: 59/73 MP: 8/8
  5777 | D:5      | Found a shimmering altar of Xom.
  6303 | D:6      | Noticed a gargoyle
  6375 | D:6      | Reached skill level 11 in Axes
  6463 | D:6      | Found a radiant altar of Vehumet.
  6476 | D:6      | Found an ornate altar of the Wu Jian Council.
  6476 | D:6      | Found a bloodstained altar of Trog.
  6876 | D:6      | Became a worshipper of Beogh the Brigand
  6876 | D:6      | Reached * piety under Beogh
  6876 | D:6      | Reached ** piety under Beogh
  7225 | D:6      | Reached skill level 1 in Invocations
  7351 | D:6      | Found Poarol's Magic Scroll Emporium.
  7513 | D:6      | Killed a gargoyle
  7513 | D:6      | Reached skill level 12 in Axes
  7513 | D:6      | Reached XP level 9. HP: 35/82 MP: 9/11
  7746 | D:6      | Found a staircase to the Ecumenical Temple.
  7761 | Temple   | Entered the Ecumenical Temple
  7785 | D:6      | Found a glowing golden altar of the Shining One.
  8686 | D:7      | Reached skill level 13 in Axes
  8897 | D:7      | Reached skill level 5 in Invocations
  9889 | D:8      | Found a staircase to the Lair.
  9898 | D:7      | Reached XP level 10. HP: 79/92 MP: 14/14
  9921 | D:8      | Found Koxky's Food Boutique.
 10043 | D:8      | Found a shadowy altar of Dithmenos.
 10266 | D:8      | Reached skill level 14 in Axes
 10302 | D:8      | Reached *** piety under Beogh
 11055 | D:8      | Reached skill level 10 in Fighting
 11055 | D:8      | Reached skill level 1 in Shields
 11071 | D:8      | Found Zyruj's Food Emporium.
 11763 | D:9      | Noticed a two-headed ogre
 12090 | D:9      | Killed a two-headed ogre
 12152 | D:9      | Found an iron altar of Okawaru.
 12244 | D:9      | Reached **** piety under Beogh
 12244 | D:9      | Reached skill level 15 in Axes
 12289 | D:8      | Found a white marble altar of Elyvilon.
 13067 | D:10     | Entered Level 10 of the Dungeon
 13465 | D:10     | Killed an unseen horror
 13465 | D:10     | Reached XP level 11. HP: 69/101 MP: 15/17
 13686 | D:10     | Noticed Psyche
 13693 | D:10     | Killed Psyche
 13762 | D:10     | Noticed Erolcha
 13767 | D:10     | Killed Erolcha
 14229 | D:11     | Found a staircase to the Orcish Mines.
 14377 | D:11     | Noticed Josephine
 14403 | D:11     | Killed Josephine
 14845 | D:11     | Gained Borgun as an ally
 14845 | D:11     | Reached skill level 16 in Axes
 15120 | D:11     | Noticed a two-headed ogre
 15129 | D:11     | Killed a two-headed ogre
 15146 | D:11     | Reached ***** piety under Beogh
 15475 | Lair:1   | Entered Level 1 of the Lair of Beasts
 15727 | Lair:1   | Noticed a manticore
 15727 | Lair:1   | a komodo dragon changed into a manticore
 15730 | Lair:1   | Slain by a manticore

Levels and vault maps discovered:
D:1:      erik_arrival_gehennom, layout_loops_corners
D:2:      layout_basic
D:3:      layout_loops_corners, kiku_gazebo_pond_becter,
          kennysheep_generic_room_10, uniq_crazy_yiuf_cottage
D:4:      layout_rooms, first_ration, serial_glass, glass_columns_c,
          glass_columns_a
D:5:      layout_loops_ring, old_standard_altar, tgw_xom
D:6:      layout_layer_cave, grunt_temple_overflow_open,
          minmay_temple_entry_statues_pillars, serial_shops, shop,
          minmay_microvault
D:7:      layout_cave_pools
D:8:      minmay_general_purpose_star, layout_loops_corners,
          nicolae_dithmenos_shadow_blocks, nicolae_overflow_hidden_temple,
          erik_lair_orcish_takeover, serial_shops, shop, kennysheep_little_box,
          the_bakery, minivault_11
D:9:      layout_rooms, okawaru_trees_1
D:10:     layout_basic, uniq_psyche, uniq_erolcha
D:11:     layout_loops_ring, david_orc_3, uniq_josephine
D:12:     layout_small_grid, uniq_sonja
Temple:   minmay_temple_curvy_branch
Lair:1:   layout_cave_pods, nicolae_quartered_pool_little,
          minmay_lair_oklob_chamber, serial_bayou_shore_b, grunt_megastairs_1,
          uniq_maggie, uniq_nergalle, uniq_grum

Skill      XL: |  1  2  3  4  5  6  7  8  9 10 11 |
---------------+----------------------------------+-----
Fighting       | 4 5 6 7 8 9 10 11 | 11.8
Axes           | 5 7 8 10 12 13 15 16 | 16.0
Invocations    | 3 5 8 9 |  9.8
Shields        | 3 4 |  4.0
Dodging        | |  2.4
Stealth        | |  1.5

Action                   |  1- 3 |  4- 6 |  7- 9 | 10-12 || total
-------------------------+-------+-------+-------+-------++-------
Melee: Hand axe          |   122 |   189 |   184 |       ||   495
       War axe           |       |       |   196 |   449 ||   645
 Fire: Hunting sling     |       |     8 |     3 |       ||    11
Throw: Stone             |     1 |       |       |       ||     1
Invok: Convert to Beogh  |       |       |     1 |       ||     1
Evoke: Wand              |       |       |       |     9 ||     9
  Use: Scroll            |       |     6 |     4 |     1 ||    11
       Potion            |       |     1 |     2 |     1 ||     4
 Stab: Sleeping          |     4 |       |       |       ||     4
       Paralysed         |       |       |       |    10 ||    10
       Distracted        |       |       |       |     2 ||     2
       Confused          |       |       |       |     1 ||     1
  Eat: Chunk             |     3 |     9 |    13 |    18 ||    43
       Ration            |       |       |     2 |     1 ||     3
Armor: Robe              |     7 |       |       |       ||     7
       Scale mail        |    30 |    38 |       |       ||    68
       Chain mail        |       |    44 |   213 |       ||   257
       Plate armour      |       |       |       |   223 ||   223
Dodge: Dodged            |    80 |    69 |   131 |    90 ||   370
       Deflected         |       |       |     7 |     1 ||     8
Block: Buckler           |       |       |       |    46 ||    46

Table legend:
 A = Non-vault XP
 B = Vault XP
 C = Vault XP percentage of total XP
 D = Non-vault monster count
 E = Vault monster count
 F = Vault count percentage of total count
                 A         B        C        D         E       F
            +---------+---------+-------+---------+---------+-------
      Total |   11377 |    3841 |  25.2 |     238 |      35 |  12.8
            +---------+---------+-------+---------+---------+-------
        D:1 |      23 |      18 |  43.9 |      12 |       5 |  29.4
        D:2 |      58 |       0 |   0.0 |      25 |       0 |   0.0
        D:3 |      53 |       3 |   5.4 |      18 |       1 |   5.3
        D:4 |     445 |       0 |   0.0 |      12 |       0 |   0.0
        D:5 |    1049 |     119 |  10.2 |      34 |       1 |   2.9
        D:6 |    1384 |       0 |   0.0 |      21 |       0 |   0.0
        D:7 |    1135 |     199 |  14.9 |      25 |       2 |   7.4
        D:8 |    1372 |     772 |  36.0 |      25 |      12 |  32.4
        D:9 |    2208 |       0 |   0.0 |      30 |       0 |   0.0
       D:10 |    1027 |     935 |  47.7 |      18 |       3 |  14.3
       D:11 |    2079 |    1795 |  46.3 |      16 |      11 |  40.7
     Lair:1 |     544 |       0 |   0.0 |       2 |       0 |   0.0
            +---------+---------+-------+---------+---------+-------
